AoeStats
← |GaoeG| flamingo

Arena

508741542Analyzed
4v4 RM · 8d ago on Sep 23, 2026· 54m 11s· 8 players
Game mode
Random Map
Map size
Large (8 player)
Population
200
Speed
Normal
Resources
Standard
Victory
Conquest
Starting age
Dark Age
Ending age
Imperial Age
RankedLock teamsTeams togetherTeam positionsShared explorationLock speedFull tech treeHidden civsTurbo modeCheats
Victory
Defeat
🇪🇸 Celts · Spain
1258
+12
🇪🇸 Spanish · Spain
1252
+12
🇪🇸 Turks · Spain
1201
+14
🇪🇸 Persians · Spain
1135
+17
🇺🇸 Italians · United States
1178
-14
🇺🇦 Teutons · Ukraine
1171
-14
🇺🇸 Saxons · United States
1170
-14
🇺🇿 Britons · Uzbekistan
1145
-13
CentreColonel41
10:36 Feudal Age
14:42 Castle Age
12:45 Double-Bit Axe
13:37 Horse Collar
13:59 Stone Mining
14:38 Gold Mining
14:45 Fletching
15:29 Loom
19:42 Bow Saw
19:53 Fletching
26:44 Bodkin Arrow
28:19 Wheelbarrow
28:23 Padded Archer Armor
29:52 Stone Shaft Mining
30:37 Heavy Plow
31:26 Hand Cart
31:54 Leather Archer Armor
32:17 Town Watch
35:44 Imperial Age
33:22 Scale Mail Armor
33:32 Forging
34:38 Forging
34:34 Scale Barding Armor
35:20 Chain Mail Armor
35:29 Ballistics
36:46 Thumb Ring
37:07 Conscription
36:35 Elite Genoese Crossbowman
37:36 Bracer
37:48 Squires
37:34 Arson
38:59 Chemistry
39:23 Ring Archer Armor
41:23 Iron Casting
41:19 Plate Mail Armor
42:11 Masonry
42:25 Bombard Tower
41:46 Treadmill Crane
44:14 Guilds
44:34 Coinage
44:05 Caravan
45:31 Two-Man Saw
45:06 Crop Rotation
47:13 Blast Furnace
47:48 Architecture
47:29 Fortified Wall
47:48 Silk Road
KUBEPTYPMA
10:10 Feudal Age
14:24 Castle Age
12:17 Double-Bit Axe
13:23 Horse Collar
14:46 Wheelbarrow
16:03 Wheelbarrow
16:42 Stone Mining
19:26 Loom
20:54 Bow Saw
20:44 Town Watch
21:45 Fletching
22:40 Gold Mining
23:00 Padded Archer Armor
25:09 Ballistics
25:52 Hand Cart
26:11 Bodkin Arrow
26:32 Leather Archer Armor
31:51 Imperial Age
30:11 Gold Shaft Mining
31:27 Yeomen
31:23 Treadmill Crane
33:08 Conscription
33:21 Bracer
33:52 Ring Archer Armor
34:27 Chemistry
34:06 Fortified Wall
34:03 Siege Engineers
34:17 Caravan
35:52 Two-Man Saw
35:17 Elite Longbowman
37:28 Murder Holes
38:36 Forging
38:27 Scale Mail Armor
38:38 Heavy Plow
39:56 Iron Casting
43:58 Blast Furnace
43:14 Chain Mail Armor
43:24 Pikeman
44:07 Squires
44:18 Halberdier
44:23 Heavy Scorpion
48:37 Plate Mail Armor
InXision
11:04 Feudal Age
11:40 Double-Bit Axe
15:25 Castle Age
14:02 Loom
14:15 Loom
23:58 Wheelbarrow
24:42 Redemption
25:36 Sanctity
37:11 Imperial Age
36:15 Scale Mail Armor
36:26 Forging
37:07 Pikeman
38:12 Halberdier
40:34 Shield Wall
42:08 Hand Cart
42:27 Chain Mail Armor
46:02 Plate Mail Armor
ATLANT
0:43 Loom
13:06 Feudal Age
13:45 Double-Bit Axe
17:56 Castle Age
16:52 Wheelbarrow
16:10 Horse Collar
17:20 Gold Mining
19:26 Bloodlines
20:11 Bow Saw
22:19 Heavy Plow
28:35 Stone Mining
29:45 Hand Cart
34:30 Imperial Age
32:10 Scale Barding Armor
32:16 Forging
32:10 Fletching
33:45 Chain Barding Armor
34:52 Caravan
35:23 Coinage
35:46 Stone Shaft Mining
35:19 Squires
35:04 Arson
35:57 Plate Barding Armor
35:58 Iron Casting
34:52 Cavalier
36:05 Bodkin Arrow
36:33 Conscription
36:37 Crenellations
36:55 Hoardings
37:46 Two-Man Saw
37:19 Crop Rotation
36:45 Paladin
38:40 Blast Furnace
40:23 Banking
40:03 Guilds
40:24 Guilds
43:03 Siege Engineers
43:09 Masonry
43:10 Fortified Wall
43:36 Scale Mail Armor
46:23 Chain Mail Armor
47:13 Ballistics
46:39 Arrowslits
48:00 Chemistry
47:44 Plate Mail Armor
48:28 Elite Teutonic Knight
|GaoeG| Joseba77
11:51 Feudal Age
13:30 Double-Bit Axe
16:02 Castle Age
13:44 Horse Collar
14:23 Gold Mining
17:30 Bow Saw
22:53 Heavy Plow
23:51 Wheelbarrow
24:57 Padded Archer Armor
28:08 Imperial Age
26:14 Hand Cart
26:28 Leather Archer Armor
27:17 Loom
28:14 Scale Barding Armor
29:27 Bloodlines
29:19 Husbandry
29:40 Chain Barding Armor
30:56 Plate Barding Armor
31:49 Two-Man Saw
31:28 Forging
33:06 Iron Casting
33:02 Ring Archer Armor
34:17 Gold Shaft Mining
35:22 Blast Furnace
37:58 Coinage
41:02 Fortified Wall
42:20 Conscription
45:39 Banking
49:19 Cavalier
49:20 Heavy Camel Rider
|GaoeG|esparza
10:22 Feudal Age
14:37 Castle Age
12:35 Double-Bit Axe
13:00 Horse Collar
14:28 Loom
17:00 Bow Saw
21:32 Stone Mining
23:13 Man-at-Arms
26:10 Scale Mail Armor
32:29 Gambesons
35:50 Wheelbarrow
36:25 Fletching
37:00 Chain Mail Armor
36:10 Long Swordsman
36:36 Arson
39:26 Imperial Age
37:16 Hand Cart
38:15 Forging
38:25 Heavy Plow
38:19 Gold Mining
39:41 Iron Casting
38:57 Town Watch
39:43 Town Watch
39:29 Two-Handed Swordsman
40:41 Plate Mail Armor
41:59 Blast Furnace
41:08 Pikeman
41:44 Champion
43:56 Scale Barding Armor
43:40 Halberdier
47:42 Sappers
49:01 Padded Archer Armor
54:37 Town Patrol
ErafaE
10:42 Feudal Age
14:44 Castle Age
15:38 Double-Bit Axe
21:22 Wheelbarrow
21:11 Bow Saw
20:50 Horse Collar
21:50 Gold Mining
22:42 Hand Cart
23:03 Heavy Plow
25:21 Gold Shaft Mining
29:34 Imperial Age
28:37 Scale Barding Armor
28:42 Forging
29:03 Husbandry
29:14 Bloodlines
29:48 Chain Barding Armor
29:20 Loom
29:20 Town Watch
29:15 Cavalier
31:12 Two-Man Saw
30:42 Crop Rotation
30:47 Iron Casting
30:56 Town Patrol
30:36 Savar
32:39 Plate Barding Armor
33:30 Blast Furnace
38:56 Conscription
40:02 Chemistry
38:57 Fletching
40:14 Bodkin Arrow
40:42 Ballistics
43:05 Murder Holes
43:21 Masonry
|GaoeG| flamingo
11:08 Feudal Age
14:57 Castle Age
13:55 Double-Bit Axe
13:53 Horse Collar
16:14 Town Watch
17:54 Loom
19:25 Bow Saw
19:23 Heavy Plow
25:55 Wheelbarrow
31:44 Imperial Age
30:02 Bloodlines
29:53 Husbandry
30:03 Scale Barding Armor
30:09 Forging
30:22 Gold Mining
31:39 Chain Barding Armor
32:30 Iron Casting
32:56 Ballistics
33:36 Chemistry
32:02 Cavalier
33:10 Hand Cart
34:07 Plate Barding Armor
35:29 Blast Furnace
34:40 Fletching
34:42 Paladin
35:40 Fletching
35:51 Padded Archer Armor
36:47 Conscription
36:02 Elite Skirmisher
37:04 Padded Archer Armor
37:22 Thumb Ring
37:16 Bodkin Arrow
37:44 Fortified Wall
38:06 Bracer
38:26 Leather Archer Armor
39:43 Ring Archer Armor
44:34 Light Cavalry
48:00 Scale Mail Armor
47:38 Hussar
Connection lost

Rejoining the realm…

Still unreachable

The connection could not be restored.

Session expired

The server has moved on; the page needs a fresh start.